 Dungeon Crawl Stone Soup version 0.28-a0-1524-ge72afd5fc6 (webtiles) character file.

Game seed: 11338294877867004817

126 issech the Chopper (level 5, 0/46 HPs)
             Began as a Hill Orc Fighter on Jan 17, 2022.
             Slain by an orc warrior (12 damage)
             ... on level 3 of the Dungeon.
             The game lasted 00:11:04 (2250 turns).

issech the Chopper (Hill Orc Fighter)               Turns: 2250, Time: 00:11:04

Health: 0/46       AC:  8    Str: 21    XL:     5   Next: 9%
Magic:  5/5        EV: 13    Int:  8    God:
Gold:   47         SH:  4    Dex: 10    Spells: 4/4 levels left

rFire   + . .      SeeInvis .   a - +0 war axe
rCold   . . .      Faith    .   c - +0 buckler
rNeg    . . .      Spirit   .   b - +0 scale mail
rPois   .          Reflect  .   (no helmet)
rElec   .          Harm     .   (no cloak)
rCorr   .          Rampage  .   (no gloves)
Will    .....                   k - +0 pair of boots
Stlth   ..........              (no amulet)
HPRegen 0.15/turn               e - ring of protection from fire
MPRegen 0.09/turn               B - +4 ring of evasion

@: no status effects
A: no striking features
a: no special abilities


You were on level 3 of the Dungeon.
You visited 1 branch of the dungeon, and saw 3 of its levels.

You collected 47 gold pieces.

Inventory:

Hand Weapons
 a - a +0 war axe (weapon)
 f - a +0 whip
 g - a +0 trident
 m - a +0 dagger
 n - a +0 short sword
 o - a +0 club
Missiles
 i - 53 stones (quivered)
Armour
 b - a +0 scale mail (worn)
 c - a +0 buckler (worn)
 k - a +0 pair of boots (worn)
Jewellery
 e - a ring of protection from fire (left hand)
 B - a +4 ring of evasion (right hand)
Scrolls
 j - a scroll of fog {unknown}
 l - a scroll of teleportation {unknown}
 u - 4 scrolls of identify {unknown}
 y - a scroll of immolation {unknown}
Potions
 d - 2 potions of might
 h - a potion of lignification {unknown}
 x - a potion of heal wounds {unknown}


   Skills:
 + Level 4.2 Fighting
 + Level 4.7 Axes
 + Level 0.6 Throwing
 + Level 3.9 Armour
 + Level 1.0 Dodging
 + Level 0.1 Stealth
 + Level 3.6 Shields


You had 4 spell levels left.
You didn't know any spells.
Your spell library was empty.

Dungeon Overview and Level Annotations

Branches:
Dungeon (3/15)

Altars:


Message History

An orc comes into view. It is wielding a +0 club.
The orc shouts!
You hear a shout!
An orc warrior and an orc come into view.
The orc warrior is wielding a +5 scimitar of holy wrath.
The orc shouts!
The orc closely misses you.
You completely miss the orc. The orc barely misses you.
You slash the orc!
You kill the orc!
You hit the orc.
The orc is severely wounded.
The orc barely misses you.
You barely miss the orc.
The orc is severely wounded.
You barely miss the orc. The orc hits you with a +0 flail.
The orc barely misses you.
You slash the orc!
You kill the orc!
You closely miss the orc. The orc hits you but does no damage.
You slash the orc!
You kill the orc!
You open the door.
There is an open door here.
Found a stone staircase leading down.
The orc warrior hits you with a +5 scimitar of holy wrath!
You hit the orc warrior.
The orc warrior is lightly wounded.
The orc warrior closely misses you.
You slash the orc warrior!
The orc warrior is heavily wounded.
The orc warrior hits you with a +5 scimitar of holy wrath.
You hit the orc warrior.
The orc warrior is heavily wounded.
The orc warrior hits you with a +5 scimitar of holy wrath!
* * * LOW HITPOINT WARNING * * *
You closely miss the orc warrior.
The orc warrior is heavily wounded.
The orc warrior misses you.
The orc warrior hits you with a +5 scimitar of holy wrath!
You die...

>... ##..# #...# ...
... #.# #.# #.# #@#
#.# . #.# ##o## #.#..
#.# .#####.o.###.#..
#.# ....#.....##.'.
#.# #..........# #.#
#..........# #.#
+..........# #..
#..........#########.#
#........#...........#


You could see an orc warrior and an orc.

Vanquished Creatures
  Jessica (D:2)
  3 adders
  A worm (D:2)
  A dart slug (D:1)
  9 orcs (D:3)
  4 ball pythons
  6 endoplasms
  3 giant cockroaches
  6 goblins
  4 hobgoblins
  4 kobolds
  A quokka (D:1)
  5 bats
  7 rats
55 creatures vanquished.

Notes
Turn   | Place    | Note
-------+----------+-------------------------------------------
     0 | D:1      | issech the Hill Orc Fighter began the quest for the Orb.
     0 | D:1      | Reached XP level 1. HP: 19/19 MP: 1/1
   260 | D:1      | Reached XP level 2. HP: 21/27 MP: 2/2
   866 | D:1      | Reached XP level 3. HP: 9/33 MP: 3/3
  1271 | D:2      | Reached XP level 4. HP: 39/40 MP: 4/4
  1450 | D:2      | Noticed Jessica
  1455 | D:2      | Killed Jessica
  1819 | D:3      | Reached skill level 1 in Dodging
  2047 | D:3      | Reached XP level 5. HP: 46/46 MP: 5/5
  2230 | D:3      | Noticed an orc warrior
  2250 | D:3      | Slain by an orc warrior

Illustrated notes

Levels and vault maps discovered:
D:1:      nzn_arrival_crosshair, layout_loops_ring, hex_large
D:2:      layout_loops_ring, uniq_jessica
D:3:      layout_loops_corners, cheibrodos_ashenzari_chains,
          hellmonk_ecumenical_altar_inner_sanctum, corexii_leaking_fountain,
          minmay_misc_feat_more_columns, nrook_mini_vaults

Skill      XL: |  1  2  3  4 |
---------------+-------------+-----
Axes           | 3 4 |  4.7
Fighting       | 4 |  4.2
Dodging        | 1 |  1.0
Throwing       | |  0.6
Armour         | |  3.9
Stealth        | |  0.1
Shields        | |  3.6

Action                   |  1- 3 |  4- 6 || total
-------------------------+-------+-------++-------
Melee: War axe           |    87 |    74 ||   161
Throw: Stone             |     9 |       ||     9
Armor: Scale mail        |    71 |    11 ||    82
Dodge: Dodged            |    54 |    36 ||    90
Block: Buckler           |    26 |     9 ||    35

Table legend: (Time is in decaauts)
 A = Elapsed time spent in this place.
 B = Non-inter-level travel time spent in this place.
 C = Inter-level travel time spent in this place.
 D = Time resting spent in this place.
 E = Time spent auto-exploring this place.
 F = Levels seen in this place.
 G = Mean time per level.
                   A        B        C        D        E       F      G
               +--------+--------+--------+--------+--------+-----+--------+
         Total |   2308 |   2308 |      0 |    261 |   1260 |   3 |  769.3 |
       Dungeon |   2308 |   2308 |      0 |    261 |   1260 |   3 |  769.3 |
               +--------+--------+--------+--------+--------+-----+--------+

Top non-repeatable levels by time:
     D:1: 1095 daAuts
     D:2: 704 daAuts
     D:3: 508 daAuts
